 Dungeon Crawl Stone Soup version 0.21-a0-460-g737a915 (webtiles) character file.

220 mortelune the Skirmisher (level 5, -10/34 HPs)
             Began as a Gargoyle Fighter on Nov 20, 2017.
             Killed by divine providence
             ... invoked by an orc priest
              (13 damage)
             ... on level 3 of the Dungeon.
             The game lasted 00:04:26 (1863 turns).

mortelune the Skirmisher (Gargoyle Fighter)         Turns: 1863, Time: 00:04:26

Health: -10/34     AC: 12    Str: 25    XL:     5   Next: 97%
Magic:  5/5        EV:  7    Int:  9    God:
Gold:   113        SH:  9    Dex:  9    Spells: 4/4 levels left

rFire    . . .     SeeInvis .   a - +0 flail
rCold    . . .     Gourm    .   c - +0 shield
rNeg     + . .     Faith    .   b - +0 scale mail
rPois    ∞         Spirit   .   (no helmet)
rElec    +         Reflect  .   (no cloak)
rCorr    .         Harm     .   (no gloves)
MR       .....                  t - +0 pair of boots
Stlth    ..........             (no amulet)
HPRegen  0.11/turn              (no ring)
MPRegen  0.09/turn              (no ring)

@: mighty, very slightly contaminated
A: negative energy resistance 1, electricity resistance, unbreathing,
petrification resistance, rot immunity, AC +4
a: no special abilities


You were on level 3 of the Dungeon.
You were not hungry.

You visited 1 branch of the dungeon, and saw 3 of its levels.

You collected 113 gold pieces.

Inventory:

Hand Weapons
 a - a +0 flail (weapon)
Armour
 b - a +0 scale mail (worn)
 c - a +0 shield (worn)
 n - a +0 large shield
 t - a +0 pair of boots (worn)
Scrolls
 g - a scroll of identify
 i - a scroll of immolation
 j - a scroll of fog {unknown}
 m - 3 scrolls of remove curse
 p - a scroll of noise {unknown}
Potions
 e - a potion of curing
 l - 4 potions of lignification
 r - 2 potions of berserk rage {unknown}
 s - a potion of cancellation {unknown}
Comestibles
 f - 2 bread rations
 k - 2 royal jellies
 o - a meat ration
 q - 2 fruits
 u - a chunk of flesh


   Skills:
 + Level 4.9 Fighting
 + Level 3.7 Maces & Flails
 + Level 4.8 Armour
 - Level 3.2 Shields


You had 4 spell levels left.
You didn't know any spells.

Dungeon Overview and Level Annotations

Branches:
Dungeon (3/15)

Altars:
Kikubaaqudgha


Innate Abilities, Weirdness & Mutations

You are resistant to torment.
Your stone body is resilient. (AC +4)
You are immune to poison.
You resist negative energy. (rN+)
You are resistant to electric shocks. (rElec)
You can survive without breathing.
You are immune to petrification.
You are immune to rotting.


Message History

You thump theanonym's ghost!
Theanonym's ghost is almost destroyed.
You block theanonym's ghost's attack. x2
You barely miss theanonym's ghost.
Theanonym's ghost is almost destroyed.
Theanonym's ghost hits you but does no damage.
You sock theanonym's ghost!
You destroy theanonym's ghost!
Your Maces & Flails skill increases to level 3!
You have reached level 5!
Blink to where?
Press: ? - help, Dir - move target cursor You are very lightly contaminated with residual magic.
As you read the scroll of blinking, it crumbles to dust.
An orc comes into view. It is wielding a dagger.
The orc shouts!
An orc priest comes into view. It is wielding a short sword.
The orc priest calls down the wrath of Beogh upon you.
Beogh smites you!
You die...

#.###........
#..§†....#o# .#
#.###..#.#.##.##
#.###..#........
#..........o....
#####..oo#.#
########.##.#.#
..............# ..
########.##@#.#######..
#.##.#.#........
#...............
#######.#..........
.................#
#######)#.#†.#####
#.........#####
#.##............#
#.##<###.######.#


You could see an orc priest and 2 orcs.

Vanquished Creatures
  The ghost of theanonym the Chopper, an amateur VSFi (D:3)
  An adder (D:2)
  A shadow imp (D:3)
  2 oozes (D:2)
  A worm (D:2)
  A dart slug (D:1)
  A leopard gecko (D:2)
  6 bats
  A giant cockroach (D:2)
  4 goblins
  5 hobgoblins
  3 jackals (D:2)
  A quokka (D:2)
  2 frilled lizards (D:2)
  3 kobolds
  3 rats
36 creatures vanquished.

Notes
Turn   | Place    | Note
-------+----------+-------------------------------------------
     0 | D:1      | mortelune the Gargoyle Fighter began the quest for the Orb.
     0 | D:1      | Reached XP level 1. HP: 14/14 MP: 1/1
   338 | D:1      | Reached XP level 2. HP: 17/19 MP: 2/2
   946 | D:2      | Reached XP level 3. HP: 24/24 MP: 3/3
  1395 | D:2      | Found an ancient bone altar of Kikubaaqudgha.
  1724 | D:3      | Reached XP level 4. HP: 29/29 MP: 4/4
  1839 | D:3      | Noticed theanonym's ghost (amateur VSFi)
  1856 | D:3      | HP: 1/29 [theanonym's ghost (7)]
  1859 | D:3      | Killed theanonym's ghost
  1859 | D:3      | Reached XP level 5. HP: 2/34 MP: 5/5
  1863 | D:3      | Killed from afar by an orc priest

Vault maps used:
D:1:      nzn_arrival_depleted_hourglass
D:2:      lemuel_crystal_altar

Skill      XL: |  1  2  3  4 |
---------------+-------------+-----
Fighting       | 4 |  4.9
Armour         | 4 |  4.8
Maces & Flails | 3 |  3.7
Shields        | |  3.2

Action                   |  1- 3 |  4- 6 || total
-------------------------+-------+-------++-------
Melee: Flail             |   148 |    16 ||   164
  Use: Scroll            |     4 |     2 ||     6
       Potion            |       |     1 ||     1
  Eat: Chunk             |     2 |     1 ||     3
Armor: Scale mail        |   115 |     5 ||   120
Dodge: Dodged            |    58 |     7 ||    65
Block: Shield            |   114 |     8 ||   122

Table legend:
 A = Spawn XP
 B = Non-spawn XP
 C = Spawn XP percentage of total XP
 D = Spawn monster count
 E = Non-spawn monster count
 F = Spawn count percentage of total count
 G = Total turns spent on level
                    A         B        C        D         E        F      G
               +---------+---------+-------+---------+---------+-------+---------
         Total |       0 |     315 |   0.0 |       0 |      36 |   0.0 |  1863
               +---------+---------+-------+---------+---------+-------+---------
           D:1 |       0 |      15 |   0.0 |       0 |       8 |   0.0 |   650
           D:2 |       0 |      66 |   0.0 |       0 |      23 |   0.0 |  1070
           D:3 |       0 |     234 |   0.0 |       0 |       5 |   0.0 |   143
               +---------+---------+-------+---------+---------+-------+---------
